 Dungeon Crawl Stone Soup version 0.31-a0-240-gb923e448b6 (webtiles) character file.

Game seed: 4819464738651164622

171 qw the Shooter (level 5, -9/45 HPs)
             Began as a Minotaur Hexslinger on July 11, 2023.
             Was an Initiate of Okawaru.
             Mangled by an ogre
             ... wielding a +0 giant club
              (21 damage)
             ... on level 4 of the Dungeon.
             The game lasted 00:01:11 (3414 turns).

qw the Shooter (Minotaur Hexslinger)                Turns: 3414, Time: 00:01:11

Health: -9/45      AC:  6    Str: 10 (11) XL:     5   Next: 26%
Magic:  5/5        EV: 10    Int: 13 (14) God:    Okawaru [......]
Gold:   175        SH:  0    Dex: 12 (14) Spells: 5/6 levels left

rFire   . . .        Y - +2 sling
rCold   . . .        (no shield)
rNeg    . . .        d - +0 ring mail
rPois   .            (helmet restricted)
rElec   .            c - +0 cloak
rCorr   .            (no gloves)
SInv    .            (no boots)
Will    .....        (no amulet)
Stlth   +            (no ring)
HPRegen 0.27/turn    (no ring)
MPRegen 0.09/turn

%: no passive effects
@: no status effects
A: horns 2, retaliatory headbutt, clever 1, MP-powered wands
a: Renounce Religion


You were on level 4 of the Dungeon.
You worshipped Okawaru.
Okawaru was noncommittal.
You visited 2 branches of the dungeon, and saw 5 of its levels.

You collected 175 gold pieces.


Innate Abilities, Weirdness & Mutations

You have a pair of horns on your head.
You reflexively headbutt those who attack you in melee.
Your mind is acute. (Int +4, Str/Dex -1)
You expend magic power (3 MP) to strengthen your wands.


   Skills:
 - Level 3.0 Fighting
 + Level 5.0 Ranged Weapons
 - Level 2.2 Armour
 - Level 2.1 Dodging
 - Level 1.0 Spellcasting
 - Level 2.0 Hexes


You had 5 spell levels left.
You knew the following spells:

 Your Spells              Type           Power      Damage    Failure   Level
a - Slow                  Hex            20%        N/A       30%         1

Your spell library contained the following spells:

 Spells                   Type           Power      Damage    Failure   Level
 Inner Flame              Hex/Fire       3%         N/A       80%         3
 Portal Projectile        Hex/Tloc       6%         N/A       80%         3
 Cause Fear               Hex            2%         N/A       97%         4

Inventory:

Hand Weapons
 Y - a +2 sling (weapon)
Armour
 c - a +0 cloak (worn)
 d - a +0 ring mail (worn)
Scrolls
 g - 2 scrolls of identify
Potions
 a - 3 potions of curing
 e - a potion of invisibility {unknown}
 h - a potion of heal wounds {unknown}
 i - a potion of lignification {unknown}
 j - a potion of enlightenment {unknown}

Dungeon Overview and Level Annotations

Branches:
Dungeon (4/15)             Temple (1/1) D:4

Altars:
Ashenzari
Cheibriados
Gozag
Hepliaklqana
Kikubaaqudgha
Makhleb
Okawaru
Qazlal
Ru
Sif Muna
Trog
Uskayaw
Vehumet
Wu Jian
Xom
Yredelemnul
Zin
The Shining One


Message History

Press < or > to pray at altars.
3370 ||| DROPPING amulet of guardian spirit.
You drop an amulet of guardian spirit.
Press < or > to pray at altars.
Press < or > to pray at altars.
Press < or > to pray at altars.
Press < or > to pray at altars.
Done exploring.
Press < or > to pray at altars.
Press < or > to pray at altars.
(D) Dungeon (T) Temple
Where to? (* - list waypoints, Enter - Temple @ (x,y), ? - help)
What level of the Dungeon? (default 4, ? - help) Press < or > to pray at altars.
There is a staircase back to the Dungeon here.
You climb upwards.
Welcome back to the Dungeon!
There is a staircase to the Ecumenical Temple here.
Found a stone staircase leading up.
g - 2 scrolls of identify (gained 1)
An ogre comes into view. It is wielding a +0 giant club.
The ogre shouts!
Enter note:
Enter note: You shoot a sling bullet.
The sling bullet hits the ogre but does no damage.
The ogre barely misses you.
You shoot a sling bullet. The sling bullet hits the ogre.
The ogre is lightly wounded.
You shoot a sling bullet. The sling bullet hits the ogre.
The ogre is moderately wounded.
The ogre hits you with a +0 giant club!
You shoot a sling bullet.
The sling bullet barely misses the ogre.
The ogre barely misses you.
You shoot a sling bullet. The sling bullet hits the ogre.
The ogre is heavily wounded.
The ogre hits you with a +0 giant club!!
You shoot a sling bullet. The sling bullet hits the ogre!
The ogre is severely wounded.
The ogre hits you with a +0 giant club!!
You die...

####...#
......##########
...%...........#
##|.##.#######.#
..........# #.#
.##...#...# #.#
#..#.#....####.####
#....#..#.........###.##
.#....##..####..@.......
....>.....# ####O##.###
.##....#..# .#
#..#....#.# .#
...#.#..#.# ##
..#...##... .. ... .#.
.##### ## . #


You could see an ogre.

Vanquished Creatures
  An iguana (D:2)
  6 adders
  2 worms (D:2)
  3 dart slugs
  4 orcs (D:3)
  4 bats
  2 endoplasms
  8 giant cockroaches
  7 goblins
  9 hobgoblins
  3 jackals (D:2)
  7 kobolds
  A quokka (D:1)
  6 ball pythons
  8 frilled lizards
  3 rats
74 creatures vanquished.

Notes
Turn   | Place    | Note
-------+----------+-------------------------------------------
     0 | D:1      | qw the Minotaur Hexslinger began the quest for the Orb.
     0 | D:1      | Reached XP level 1. HP: 16/16 MP: 1/1
     0 | D:1      | 0 ||| qw: Version: 0.3-a-52-g30416fa
     0 | D:1      | 0 ||| qw: Game counter: 6093
     0 | D:1      | 0 ||| qw: Melee chars always use a shield: true
     0 | D:1      | 0 ||| qw: God list: Okawaru
     0 | D:1      | 0 ||| qw: Allow faded altars: false
     0 | D:1      | 0 ||| qw: Do Orc after clearing Dungeon:15 true
     0 | D:1      | 0 ||| qw: Do second Lair branch before Depths: true
     0 | D:1      | 0 ||| qw: Lair rune preference: random
     0 | D:1      | 0 ||| qw: Goals: Normal
     0 | D:1      | 0 ||| PLANNING D:1-11
    57 | D:1      | 57 ||| UPGRADING to +0 ring mail.
    81 | D:1      | 81 ||| DROPPING +0 robe.
   171 | D:1      | 171 ||| UPGRADING to +0 cloak.
   240 | D:1      | Reached skill level 3 in Ranged Weapons
   240 | D:1      | Reached XP level 2. HP: 23/23 MP: 2/2
   782 | D:1      | Found a faded altar of an unknown god.
  1260 | D:1      | 1260 ||| READING scroll labelled POKIANLAITI.
  1261 | D:1      | 1261 ||| READING 2 scrolls labelled XOSOCA DOLUA.
  1262 | D:1      | 1262 ||| READING scroll labelled CIULLE KUEZOE.
  1263 | D:1      | 1263 ||| READING scroll labelled IZXETI HUIV.
  1264 | D:1      | 1264 ||| DROPPING scroll of poison.
  1367 | D:2      | Reached XP level 3. HP: 29/29 MP: 3/3
  1432 | D:2      | Reached skill level 4 in Ranged Weapons
  1539 | D:2      | Reached XP level 4. HP: 36/36 MP: 4/4
  2142 | D:2      | 2142 ||| UPGRADING to amulet of guardian spirit.
  2147 | D:2      | 2147 ||| READING scroll labelled HEQAUCLE AHEUR.
  2148 | D:2      | 2148 ||| READING scroll labelled RUTIBB ABEVVAN.
  2149 | D:2      | 2149 ||| DRINKING 4 fizzy green potions.
  2150 | D:2      | 2150 ||| DRINKING 2 orange potions.
  2151 | D:2      | 2151 ||| DROPPING potion of degeneration.
  2475 | D:3      | Reached skill level 5 in Ranged Weapons
  2537 | D:3      | Reached XP level 5. HP: 41/41 MP: 5/5
  3084 | D:3      | 3084 ||| READING scroll labelled GIOMPUC ZONAO.
  3085 | D:3      | 3085 ||| READING scroll labelled KIOTEI DORIES.
  3159 | D:4      | Found a staircase to the Ecumenical Temple.
  3160 | D:4      | 3160 ||| PLANNING TEMPLE
  3168 | D:4      | Reached skill level 3 in Fighting
  3168 | D:4      | 3168 ||| DRINKING 2 coppery potions.
  3168 | D:4      | Gained mutation: You are partially covered in iridescent
                  | scales. (AC +2) [potion of mutation]
  3168 | D:4      | Gained mutation: You are frail. (-10% HP) [potion of
                  | mutation]
  3169 | D:4      | 3169 ||| DRINKING potion of mutation.
  3169 | D:4      | Lost mutation: You are frail. (-10% HP) [potion of
                  | mutation]
  3169 | D:4      | Lost mutation: You are partially covered in iridescent
                  | scales. (AC +2) [potion of mutation]
  3169 | D:4      | Gained mutation: Your mind is acute. (Int +4, Str/Dex -1)
                  | [potion of mutation]
  3169 | D:4      | Gained mutation: You expend magic power (3 MP) to
                  | strengthen your wands. [potion of mutation]
  3195 | Temple   | Entered the Ecumenical Temple
  3207 | Temple   | 3207 ||| PLANNING OKAWARU WORSHIP
  3364 | Temple   | Became a worshipper of Warmaster Okawaru
  3365 | Temple   | 3365 ||| PLANNING D:1-11
  3365 | Temple   | 3365 ||| REMOVING amulet of guardian spirit.
  3370 | Temple   | 3370 ||| DROPPING amulet of guardian spirit.
  3408 | D:4      | Noticed an ogre
  3413 | D:4      | HP: 11/45 [ogre/+0 giant club (20)]
  3414 | D:4      | Mangled by an ogre

Levels and vault maps discovered:
D:1:      dpeg_arrival_signposts, layout_basic,
          shapermc_ecumenical_altar_mp_highgroup, serial_aquarium,
          aquarium_bridge_long_joined [aquarium_subvault_bridge,
          aquarium_subvault_bridge, aquarium_subvault_wall,
          aquarium_subvault_bridge, aquarium_subvault_bridge,
          aquarium_subvault_wall], aquarium_bridge_square
          [aquarium_subvault_bridge, aquarium_subvault_wall,
          aquarium_subvault_bridge, aquarium_subvault_balcony],
          aquarium_window_fake, aquarium_window_corner, aquarium_window_1,
          aquarium_window_3, aquarium_view_2d, glass_columns_b,
          roderic_serpentine_path, minmay_domino_4
D:2:      layout_basic
D:3:      layout_basic
D:4:      layout_loops_ring, fedhas_altar_decomposition,
          minmay_temple_entry_mini_moons, roderic_batcave, uniq_ijyb,
          uniq_menkaure
Temple:   nicolae_temple_bog_church

Skill      XL: |  1  2  3  4  5 |
---------------+----------------+-----
Ranged Weapons | 3 4 5 |  5.0
Fighting       | 2 3 |  3.0
Armour         | 2 |  2.2
Dodging        | |  2.1
Spellcasting   | |  1.0
Hexes          | |  2.0

Action                     |  1- 3 |  4- 6 || total
---------------------------+-------+-------++-------
   Fire: Sling             |    99 |   153 ||   252
    Use: Scroll            |     4 |     4 ||     8
         Potion            |       |     4 ||     4
 Armour: Ring mail         |    12 |    33 ||    45
  Dodge: Dodged            |    25 |    42 ||    67

Table legend:
 A = Non-vault XP
 B = Vault XP
 C = Vault XP percentage of total XP
 D = Non-vault monster count
 E = Vault monster count
 F = Vault count percentage of total count
                 A         B        C        D         E       F
            +---------+---------+-------+---------+---------+-------
      Total |     243 |       2 |   0.8 |      73 |       1 |   1.4
            +---------+---------+-------+---------+---------+-------
        D:1 |      34 |       2 |   5.6 |      20 |       1 |   4.8
        D:2 |     122 |       0 |   0.0 |      26 |       0 |   0.0
        D:3 |      72 |       0 |   0.0 |      25 |       0 |   0.0
        D:4 |      15 |       0 |   0.0 |       2 |       0 |   0.0
            +---------+---------+-------+---------+---------+-------
